 Dungeon Crawl Stone Soup version 0.29-a0-870-g2c972031a6 (webtiles) character file.

Game seed: 13093916267250343958

43 jimonade the Conjurer (level 3, 0/19 HPs)
             Began as a Deep Elf Conjurer on July 17, 2022.
             Slain by a gnoll
             ... wielding a +0 whip
              (5 damage)
             ... on level 3 of the Dungeon.
             The game lasted 00:03:17 (1741 turns).

jimonade the Conjurer (Deep Elf Conjurer)           Turns: 1741, Time: 00:03:17

Health: 0/19       AC:  2    Str:  6    XL:     3   Next: 37%
Magic:  1/10       EV: 12    Int: 22    God:
Gold:   77         SH:  0    Dex: 13    Spells: 6/9 levels left

rFire   . . .      SeeInvis +   d - +0 short sword
rCold   . . .      Faith    .   (no shield)
rNeg    . . .      Spirit   .   a - +0 robe
rPois   .          Reflect  .   (no helmet)
rElec   .          Harm     .   (no cloak)
rCorr   .          Rampage  .   (no gloves)
Will    .....                   (no boots)
Stlth   ++........              (no amulet)
HPRegen 0.06/turn               i - ring of see invisible
MPRegen 0.12/turn               (no ring)

@: no status effects
A: no striking features
a: no special abilities


You were on level 3 of the Dungeon.
You visited 1 branch of the dungeon, and saw 3 of its levels.

You collected 77 gold pieces.

Inventory:

Hand Weapons
 d - a +0 short sword (weapon)
 g - a +0 dagger
Missiles
 e - 33 stones
 f - 5 poisoned darts
Armour
 a - a +0 robe (worn)
 m - a +0 chain mail
Jewellery
 i - a ring of see invisible (left hand)
Wands
 j - a wand of iceblast (5)
Scrolls
 c - 7 scrolls of identify {unknown}
 k - a scroll of torment {unknown}
 n - a scroll of magic mapping {unknown}
 o - a scroll of vulnerability {unknown}
Potions
 b - a potion of magic
 h - a potion of might {unknown}
 l - a potion of curing {unknown}
 p - a potion of haste {unknown}


   Skills:
 + Level 2.5 Dodging
 - Level 2.4 Stealth
 * Level 3.6 Spellcasting
 + Level 5.3 Conjurations
 * Level 0.1 Hexes


You had 6 spell levels left.
You knew the following spells:

 Your Spells              Type           Power      Damage    Failure   Level
a - Magic Dart            Conj           100%       1d8       1%          1
b - Searing Ray           Conj           54%        2d6       1%          2

Your spell library contained the following spells:

 Spells                   Type           Power      Damage    Failure   Level
 Dazzling Flash           Conj/Hex       32%        N/A       12%         3
 Confusing Touch          Hex            4%         N/A       32%         3
 Fulminant Prism          Conj/Hex       8%         3d7       36%         4
 Iskenderun's Mystic Bla  Conj/Tloc      15%        2d5       36%         4
 Yara's Violent Unravell  Hex/Tmut       2%         3d3       97%         5
 Enfeeble                 Hex            2%         N/A       100%        7


Dungeon Overview and Level Annotations

Branches:
Dungeon (3/15)

Altars:


Message History

The gnoll shouts!
A quokka comes into view.
You see here a +0 club.
Casting: Magic Dart (safe; 1% risk of failure)
Confirm with . or Enter, or press ? or * to list all spells.
Aiming: Searing Ray (safe; 1% risk of failure)
Press: ? - help, Shift-Dir - straight line, f - gnoll
Aim: a gnoll, wielding a +0 whip and wearing a +0 scale mail (85% to hit)
The searing ray hits the gnoll.
The gnoll is lightly wounded. (Press . to maintain the ray.)
The searing ray hits the gnoll!
The gnoll is severely wounded.
The gnoll closely misses you.
The searing ray misses the gnoll.
The gnoll hits you with a +0 whip.
The searing ray hits the gnoll but does no damage.
The gnoll is severely wounded.
You finish channelling your searing ray.
The gnoll hits you with a +0 whip. The gnoll barely misses you.
Unknown command.
Casting: Searing Ray (safe; 1% risk of failure)
Confirm with . or Enter, or press ? or * to list all spells.
Aiming: Searing Ray (safe; 1% risk of failure)
Press: ? - help, Shift-Dir - straight line, f/p - gnoll
Aim: a gnoll, wielding a +0 whip and wearing a +0 scale mail (severely wounded, 85% to hit)
The searing ray hits the gnoll but does no damage.
The gnoll is severely wounded. (Press . to maintain the ray.)
The gnoll misses you.
The searing ray misses the gnoll.
The gnoll barely misses you.
The searing ray hits the gnoll but does no damage.
The gnoll is severely wounded.
The gnoll hits you with a +0 whip.
* * * LOW HITPOINT WARNING * * *
The searing ray hits the gnoll but does no damage.
The gnoll is severely wounded.
You finish channelling your searing ray.
The gnoll hits you with a +0 whip.
You die...

#...<..####...
#.####.#....#
#>####..#
#>##....#
#.##.#..#
#.##.#.#...
#......#####
#.......#
#@##.##.#
#g##.##.#
#.##..#.# #######
#.###.#.# #.....#
#)###.#.##
#.....#
#........#
#.....#
##.##.##.#
#.....#
#.##.##.###.....#
#.##.##.##.......


You could see a gnoll.

Vanquished Creatures
  A worm (D:3)
  A dart slug (D:2)
  An orc (D:2)
  3 ball pythons
  3 endoplasms (D:1)
  2 giant cockroaches (D:1)
  2 goblins (D:1)
  4 hobgoblins
  2 jackals (D:1)
  6 kobolds
  2 bats
  2 frilled lizards
  2 rats (D:2)
31 creatures vanquished.

Notes
Turn   | Place    | Note
-------+----------+-------------------------------------------
     0 | D:1      | jimonade the Deep Elf Conjurer began the quest for the Orb.
     0 | D:1      | Reached XP level 1. HP: 10/10 MP: 6/6
   120 | D:1      | Found a faded altar of an unknown god.
   144 | D:1      | Reached XP level 2. HP: 6/15 MP: 1/8
   549 | D:1      | Reached skill level 5 in Conjurations
  1023 | D:2      | Reached XP level 3. HP: 19/19 MP: 7/10
  1374 | D:2      | Learned a level 2 spell: Searing Ray
  1741 | D:3      | Slain by a gnoll

Illustrated notes

Levels and vault maps discovered:
D:1:      evilmike_arrival_hilbert_curve, layout_basic,
          hellmonk_ecumenical_altar_run_dry
D:2:      layout_loops_cross
D:3:      layout_loops_cross

Skill      XL: |  1  2 |
---------------+-------+-----
Conjurations   | 5 |  5.3
Dodging        | |  2.5
Stealth        | |  2.4
Spellcasting   | |  3.6
Hexes          | |  0.1

Action                   || total
-------------------------++-------
 Cast: Magic Dart        ||    61
       Searing Ray       ||     2
Armor: Robe              ||     1
Dodge: Dodged            ||    10

Table legend: (Time is in decaauts)
 A = Elapsed time spent in this place.
 B = Non-inter-level travel time spent in this place.
 C = Inter-level travel time spent in this place.
 D = Time resting spent in this place.
 E = Time spent auto-exploring this place.
 F = Levels seen in this place.
 G = Mean time per level.
                   A        B        C        D        E       F      G
               +--------+--------+--------+--------+--------+-----+--------+
         Total |   1739 |   1697 |     42 |    282 |   1164 |   3 |  579.7 |
       Dungeon |   1739 |   1697 |     42 |    282 |   1164 |   3 |  579.7 |
               +--------+--------+--------+--------+--------+-----+--------+

Top non-repeatable levels by time:
     D:1: 796 daAuts
     D:2: 772 daAuts
     D:3: 170 daAuts
